 Dungeon Crawl Stone Soup version 0.30-b1-2-g02819fbbbe (webtiles) character file.

Game seed: 13490385975768810955

6468 funkygono the Cleaver (level 10, -3/90 HPs)
             Began as a Minotaur Fighter on June 7, 2023.
             Was a Priest of Okawaru.
             Killed from afar by an electric eel (8 damage)
             ... with a bolt of electricity
             ... in a bailey.
             The game lasted 00:16:35 (9652 turns).

funkygono the Cleaver (Minotaur Fighter)            Turns: 9652, Time: 00:16:36

Health: -3/90      AC: 17    Str: 24    XL:     10   Next: 68%
Magic:  9/9        EV: 26    Int:  5    God:    Okawaru [***...]
Gold:   389        SH:  6    Dex: 17    Spells: 9/9 levels left

rFire   x . .        a - +2 war axe
rCold   + + .        c - +0 buckler
rNeg    . . .        r - +0 ice dragon scales
rPois   +            E - +0 hat
rElec   .            L - +1 cloak
rCorr   .            (no gloves)
SInv    .            t - +1 pair of boots
Will    .....        I - amulet of the acrobat Stlth
                     y - ring of poison resistance
HPRegen 0.35/turn    z - +6 ring of dexterity
MPRegen 0.11/turn

%: acrobat
@: acrobatic
A: horns 2, retaliatory headbutt
a: Renounce Religion, Heroism


You were in a bailey.
You worshipped Okawaru.
Okawaru was most pleased with you.
You visited 2 branches of the dungeon, and saw 10 of its levels.
You also visited: Bailey.

You collected 389 gold pieces.

Inventory:

Hand Weapons
 a - a +2 war axe (weapon)
Missiles
 e - a poisoned dart (quivered)
 l - 3 throwing nets
 p - 79 stones
 F - 13 boomerangs
Armour
 c - a +0 buckler (worn)
 r - +0 ice dragon scales (worn)
 s - a +0 chain mail
 t - a +1 pair of boots (worn)
 E - a +0 hat (worn)
 L - a +1 cloak (worn)
Jewellery
 k - an amulet of faith
 x - a ring of protection from fire
 y - a ring of poison resistance (left hand)
 z - a +6 ring of dexterity (right hand)
 D - a ring of see invisible
 I - an amulet of the acrobat (around neck)
Wands
 f - a wand of polymorph (17)
 u - a wand of flame (4)
 C - a wand of roots (3)
 G - a wand of paralysis (8)
Scrolls
 o - a scroll of fear
 w - 4 scrolls of teleportation
 B - a scroll of amnesia
 K - a scroll of fog
Potions
 d - a potion of might
 g - 3 potions of curing
 h - 7 potions of haste
 i - 2 potions of mutation
 j - 2 potions of cancellation
 m - a potion of lignification {unknown}
 n - 2 potions of resistance
 q - a potion of berserk rage {unknown}
 v - 3 potions of attraction
 A - a potion of heal wounds {unknown}
 J - a potion of flight {unknown}


   Skills:
 + Level 8.5 Fighting
 + Level 12.1 Axes
 + Level 5.7 Throwing
 + Level 9.2 Armour
 + Level 4.1 Dodging
 + Level 1.6 Stealth
 + Level 6.4 Shields


You had 9 spell levels left.
You didn't know any spells.
Your spell library contained the following spells:

 Spells                   Type           Power      Damage    Failure   Level
 Slow                     Hex            0%         N/A       83%         1
 Sting                    Tmut/Pois      0%         1d3       83%         1
 Poisonous Vapours        Pois/Air       0%         N/A       93%         2
 Static Discharge         Conj/Air       0%         2-2/arc   93%         2
 Confusing Touch          Hex            0%         N/A       99%         3
 Vampiric Draining        Necr           0%         2d6       99%         3
 Airstrike                Air            0%         2d(0-16)  100%        4
 Leda's Liquefaction      Hex/Erth       0%         N/A       100%        4
 Olgreb's Toxic Radiance  Pois           0%         N/A       100%        4
 Lee's Rapid Deconstruct  Erth           0%         3d4*      100%        5
 Statue Form              Tmut/Erth      0%         N/A       100%        6
 Summon Lightning Spire   Summ/Air       Unusable   N/A       N/A         4

Dungeon Overview and Level Annotations

Branches:
Dungeon (9/15)             Temple (1/1) D:7            Lair (0/5) D:8
 Bailey (1/1)
    Orc: D:9-12

Altars:
Ashenzari
Cheibriados
Dithmenos
Elyvilon
Fedhas
Gozag
Kikubaaqudgha
Nemelex Xobeh
Okawaru
Qazlal
Ru
Sif Muna
Uskayaw
Vehumet
Xom
Yredelemnul
Zin
The Shining One

Shops:
D:6 (

Annotations:
D:5 1 runed translucent door, NimIero's ghost, novice TeAE


Innate Abilities, Weirdness & Mutations

You have a pair of horns on your head.
You reflexively headbutt those who attack you in melee.


Message History

The electric eel shoots out a bolt of lightning at you!
The bolt of electricity hits you!
* * * LOW HITPOINT WARNING * * *
The bolt of electricity hits you.
* * * LOW HITPOINT WARNING * * *
Your unstable footing causes you to fumble your attack.
Your unstable footing causes you to fumble your attack.
You completely miss the electric eel.
The electric eel is almost dead.
Your unstable footing causes you to fumble your attack.
Your unstable footing causes you to fumble your attack.
Your unstable footing causes you to fumble your attack.
The electric eel shoots out a bolt of lightning at you!
The bolt of electricity hits you!
* * * LOW HITPOINT WARNING * * *
The bolt of electricity hits you!
* * * LOW HITPOINT WARNING * * *
Your unstable footing causes you to fumble your attack.
You slash the electric eel!
You kill the electric eel!
Okawaru accepts your kill.
You hear a splash.
An electric eel comes into view.
The electric eel shoots out a bolt of lightning at you!
The bolt of electricity misses you.
You see here an electric eel corpse.
The electric eel shoots out a bolt of lightning at you!
The bolt of electricity misses you.
The electric eel shoots out a bolt of lightning at you!
The bolt of electricity hits you.
* * * LOW HITPOINT WARNING * * *
The bolt of electricity hits you.
* * * LOW HITPOINT WARNING * * *
The electric eel shoots out a bolt of lightning at you!
The bolt of electricity misses you.
The electric eel shoots out a bolt of lightning at you!
The bolt of electricity misses you.
The electric eel shoots out a bolt of lightning at you!
The bolt of electricity hits you!
You die...

≈≈≈≈ ≈≈≈≈≈≈≈
####~~ ≈≈≈≈≈≈≈
+....
≈≈≈≈≈≈≈###..#
≈≈≈≈≈≈≈#....#
≈≈≈≈≈≈≈#.)..#
≈≈≈≈≈≈≈#'#'##
≈≈≈≈≈≈≈~.#..#
≈≈≈≈≈≈≈~@#..#
≈≈≈≈≈≈≈~.#..#
≈≈≈≈≈≈≈~.#..#
≈≈≈≈≈≈S~.#))#
≈≈≈≈≈≈≈~.##)#
≈≈≈≈≈≈≈~.#..#
≈≈≈≈≈≈≈~.#.8#
≈≈≈≈≈≈≈~.#..#
≈≈≈≈≈≈≈†.#.8####


You could see an electric eel.

Vanquished Creatures
  A two-headed ogre (D:8)
  Maggie (D:6)
  A hornet (D:7)
  Sigmund (D:5)
  A shadow (D:8)
  Edmund (D:6)
  An acid dragon (D:9)
  2 wargs (D:8)
  A water moccasin (D:7)
  5 orc warriors
  A black bear (D:6)
  2 ice beasts
  An ogre (D:7)
  2 centaurs
  2 phantoms
  A kobold brigand (D:9)
  4 bullfrogs
  3 scorpions
  13 wights
  10 killer bees
  3 electric eels
  6 howler monkeys
  A lava snake (D:7)
  2 hounds
  3 jellies
  Crazy Yiuf (D:7)
  9 orc priests
  An iguana (D:4)
  A sleepcap (D:7)
  9 orc wizards
  Natasha (thrice) (D:2)
  Robin (D:4)
  12 gnolls
  6 adders
  A shadow imp (D:7)
  2 white imps
  An ufetubus (D:6)
  3 worms
  2 dart slugs
  60 orcs
  4 bats
  6 endoplasms
  4 giant cockroaches
  13 goblins
  14 hobgoblins
  6 ball pythons
  11 kobolds
  5 rats
244 creatures vanquished.

Vanquished Creatures (collateral kills)
  A warg (D:8)
  2 killer bees (D:9)
  An orc priest (D:8)
  4 orcs (D:8)
8 creatures vanquished.

Vanquished Creatures (others)
  A killer bee (D:9)
  11 plants
  15 withered plants
27 creatures vanquished.

Grand Total: 279 creatures vanquished

Notes
Turn   | Place    | Note
-------+----------+-------------------------------------------
     0 | D:1      | funkygono the Minotaur Fighter began the quest for the Orb.
     0 | D:1      | Reached XP level 1. HP: 19/19 MP: 0/0
   285 | D:1      | Reached XP level 2. HP: 27/27 MP: 1/1
   442 | D:1      | Found a faded altar of an unknown god.
  1134 | D:2      | Reached XP level 3. HP: 33/33 MP: 2/2
  1144 | D:2      | Found a stormy altar of Qazlal.
  1313 | D:2      | Noticed Natasha
  1321 | D:2      | Killed Natasha
  1322 | D:2      | Reached skill level 3 in Axes
  1440 | D:2      | Reached XP level 4. HP: 41/41 MP: 3/3
  1753 | D:2      | Noticed Natasha
  1761 | D:2      | Killed Natasha
  3101 | D:2      | Noticed Natasha
  3105 | D:2      | Killed Natasha
  3106 | D:2      | Reached skill level 4 in Axes
  3133 | D:3      | Noticed an ice beast
  3142 | D:3      | Killed an ice beast
  3143 | D:3      | Reached XP level 5. HP: 35/47 MP: 4/4
  3272 | D:3      | Reached skill level 1 in Throwing
  3439 | D:3      | Found a white marble altar of Elyvilon.
  3440 | D:3      | Found a glowing golden altar of the Shining One.
  3515 | D:3      | Reached XP level 6. HP: 55/55 MP: 5/5
  3518 | D:3      | Reached skill level 5 in Axes
  3518 | D:3      | Reached skill level 1 in Dodging
  3786 | D:3      | Found a sparkling altar of Nemelex Xobeh.
  3788 | D:3      | Found an opulent altar of Gozag.
  3859 | D:4      | Reached skill level 5 in Fighting
  3918 | D:4      | Reached skill level 5 in Armour
  4041 | D:4      | Noticed Robin
  4068 | D:4      | Killed Robin
  4087 | D:4      | Found a shadowy altar of Dithmenos.
  4303 | D:4      | Found an ancient bone altar of Kikubaaqudgha.
  4307 | D:4      | Found a blossoming altar of Fedhas.
  4706 | D:5      | Entered Level 5 of the Dungeon
  4706 | D:5      | Found a runed translucent door.
  4712 | D:5      | Reached skill level 6 in Axes
  4720 | D:5      | Reached XP level 7. HP: 39/61 MP: 6/6
  4808 | D:5      | Noticed NimIero's ghost (novice TeAE)
  4960 | D:5      | Noticed Sigmund
  4976 | D:5      | Killed Sigmund
  5043 | D:5      | Reached skill level 7 in Axes
  5569 | D:5      | Found a basalt altar of Yredelemnul.
  5569 | D:5      | Found a snail-covered altar of Cheibriados.
  5573 | D:5      | Reached XP level 8. HP: 70/70 MP: 7/7
  5755 | D:6      | You fall into a shaft and drop 1 floor!
  5835 | D:7      | Reached skill level 5 in Shields
  5849 | D:7      | Reached skill level 8 in Axes
  5994 | D:7      | Reached skill level 1 in Stealth
  6078 | D:7      | Noticed a hornet
  6091 | D:7      | Killed a hornet
  6243 | D:7      | Found a runed translucent door.
  6244 | D:7      | Noticed Crazy Yiuf
  6455 | D:7      | Reached XP level 9. HP: 74/78 MP: 8/8
  6537 | D:6      | Noticed Maggie
  6537 | D:6      | Noticed Edmund
  6543 | D:6      | Killed Maggie
  6544 | D:6      | Reached skill level 9 in Axes
  6553 | D:6      | Killed Edmund
  6733 | D:6      | Found Xeagaz's Weapon Shoppe.
  6738 | D:6      | Identified the +1 leather armour of Noon {Harm rCorr}
  7015 | D:6      | Reached skill level 10 in Axes
  7390 | D:7      | Found a staircase to the Ecumenical Temple.
  7396 | Temple   | Entered the Ecumenical Temple
  7465 | Temple   | Became a worshipper of Warmaster Okawaru
  7601 | D:7      | Reached skill level 5 in Throwing
  7825 | D:7      | Killed Crazy Yiuf
  7905 | D:8      | Found a broken altar of Ashenzari.
  8130 | D:8      | Found a staircase to the Lair.
  8135 | D:8      | Reached * piety under Okawaru
  8142 | D:8      | Reached skill level 11 in Axes
  8142 | D:8      | Reached XP level 10. HP: 54/88 MP: 9/9
  8470 | D:8      | Noticed a two-headed ogre
  8479 | D:8      | Killed a two-headed ogre
  8479 | D:8      | Reached ** piety under Okawaru
  9142 | D:9      | Reached skill level 12 in Axes
  9220 | D:9      | Reached *** piety under Okawaru
  9360 | D:9      | Found a flagged portal.
  9369 | Bailey   | Entered a bailey
  9648 | Bailey   | HP: 4/90 [electric eel/bolt of electricity (2)]
  9652 | Bailey   | Killed from afar by an electric eel

Illustrated notes

Levels and vault maps discovered:
D:1:      onia_arrival_mini_maze, layout_rooms,
          shapermc_ecumenical_altar_flowoftime
D:2:      layout_basic, basic_altar, uniq_natasha
D:3:      layout_basic, nicolae_overflow_hidden_temple
D:4:      layout_gridville, grunt_temple_overflow_growth_and_decay,
          mainiacjoe_overflow_small_starburst, abandoned_shop, uniq_robin
D:5:      layout_loops_ring, amethyst_overflow_temple_binary,
          hellmonk_ghost_happy_afterlife, uniq_sigmund
D:6:      layout_rooms, serial_shops, shop, uniq_edmund, uniq_maggie
D:7:      layout_basic, minmay_temple_entry_nine_rooms, nicolae_lava_and_water,
          uniq_crazy_yiuf_cottage
D:8:      layout_loops_ring, nicolae_ashenzari_skybound,
          erik_lair_orcish_takeover, special_room [special_room_orc]
D:9:      layout_irregular_city, mainiacjoe_overflow_alcove_4, serial_bayou,
          serial_bayou_lagoon_b, serial_bayou_pond_b, serial_bayou_pond_c,
          serial_bayou_pond_a, enter_bailey_6, uniq_pikel
Temple:   hellmonk_temple_forest_ring
Bailey:   bailey_axe_of_yendor_kennysheep, bailey

Skill      XL: |  1  2  3  4  5  6  7  8  9 10 |
---------------+-------------------------------+-----
Shields        | 4 5 6 |  6.4
Fighting       | 4 5 6 7 8 |  8.5
Axes           | 3 4 6 7 8 11 12 | 12.1
Armour         | 4 5 6 7 8 9 |  9.2
Throwing       | 1 2 4 5 |  5.7
Dodging        | 1 2 3 4 |  4.1
Stealth        | 1 |  1.6

Action                     |  1- 3 |  4- 6 |  7- 9 | 10-12 || total
---------------------------+-------+-------+-------+-------++-------
  Melee: War axe           |    87 |   139 |   213 |   138 ||   577
         Headbutt          |     8 |    18 |    41 |    29 ||    96
  Throw: Stone             |    10 |       |       |       ||    10
         Dart              |     2 |    18 |    74 |     5 ||    99
 Invoke: Heroism           |       |       |       |     1 ||     1
    Use: Scroll            |       |    13 |     7 |     1 ||    21
 Armour: Scale mail        |    16 |       |       |       ||    16
         Ice dragon scales |    18 |    75 |   101 |    45 ||   239
  Dodge: Dodged            |    34 |    68 |   118 |    98 ||   318
  Block: Buckler           |    16 |    33 |    50 |    48 ||   147
